 Dungeon Crawl Stone Soup version 0.30-a0-912-ge10d75a369 (webtiles) character file.

Game seed: 6432392051638349448

51 Grim the Vexing (level 3, -4/20 HPs)
             Began as a Deep Elf Hexslinger on Mar 19, 2023.
             Slain by Sigmund
             ... wielding a +3 scythe of protection
              (7 damage)
             ... on level 2 of the Dungeon.
             The game lasted 00:01:50 (1059 turns).

Grim the Vexing (Deep Elf Hexslinger)               Turns: 1059, Time: 00:01:51

Health: -4/20      AC:  2    Str:  7    XL:     3   Next: 57%
Magic:  7/7        EV: 13    Int: 17    God:
Gold:   99         SH:  0    Dex: 17    Spells: 4/5 levels left

rFire   . . .      SeeInvis .    a - +1 sling
rCold   . . .      Faith    .    (no shield)
rNeg    . . .      Spirit   .    c - +0 robe
rPois   .          Reflect  .    (no helmet)
rElec   .          Rampage  .    (no cloak)
rCorr   .                        (no gloves)
Will    .....                    (no boots)
Stlth   ++                       (no amulet)
HPRegen 0.23/turn                (no ring)
MPRegen 0.10/turn                (no ring)

@: no status effects
A: no striking features
a: no special abilities


You were on level 2 of the Dungeon.
You visited 1 branch of the dungeon, and saw 2 of its levels.

You collected 99 gold pieces.

Inventory:

Hand Weapons
 a - a +1 sling (weapon)
 b - a +0 short sword
Missiles
 g - 6 boomerangs of dispersal
Armour
 c - a +0 robe (worn)
Scrolls
 d - 3 scrolls of amnesia {unknown}
 e - a scroll of identify {unknown}
 h - a scroll of enchant armour {unknown}
 i - a scroll of poison
 l - a scroll of teleportation {unknown}
Potions
 f - 2 potions of invisibility {unknown}
 j - a potion of mutation {unknown}
 k - a potion of curing {unknown}
 m - 2 potions of lignification {unknown}


   Skills:
 - Level 0.7 Fighting
 + Level 1.0 Short Blades
 + Level 4.0 Ranged Weapons
 - Level 2.4 Dodging
 - Level 1.5 Spellcasting
 + Level 5.0 Hexes


You had 4 spell levels left.
You knew the following spells:

 Your Spells              Type           Power      Damage    Failure   Level
a - Slow                  Hex            72%        N/A       2%          1

Your spell library contained the following spells:

 Spells                   Type           Power      Damage    Failure   Level
 Inner Flame              Hex/Fire       9%         N/A       22%         3
 Portal Projectile        Hex/Tloc       18%        N/A       22%         3
 Cause Fear               Hex            9%         N/A       26%         4


Dungeon Overview and Level Annotations

Branches:
Dungeon (2/15)

Altars:

Annotations:
D:2 Sigmund


Message History

The gnoll is heavily wounded.
You shoot a sling bullet.
The sling bullet closely misses the gnoll.
You hear a shout!
Sigmund's eyes start glowing with a red light.
You hear a shout!
You shoot a sling bullet.
The sling bullet closely misses the gnoll.
The gnoll barely misses you.
You shoot a sling bullet. The sling bullet hits the gnoll!
You kill the gnoll!
A gnoll comes into view. It is wielding a +0 whip.
You shoot a sling bullet.
The sling bullet barely misses the gnoll.
You hear a shout!
The gnoll is no longer moving slowly.
Sigmund gestures wildly while chanting.
Sigmund flickers and vanishes!
Deactivating autopickup; reactivate with Ctrl-A.
The gnoll closely misses you.
You shoot a sling bullet. The sling bullet hits the gnoll.
The gnoll is almost dead.
The gnoll closely misses you.
You shoot a sling bullet. The sling bullet hits the gnoll.
You kill the gnoll!
Something hits you!
* * * LOW HITPOINT WARNING * * *
Your Short Blades skill increases to level 1!
Your Ranged Weapons skill increases to level 4!
Your Hexes skill increases to level 5!
You hear some strange, mumbled words.
You are confused.
Something hits you!
* * * LOW HITPOINT WARNING * * *
You're too confused to move!
Something hits you but does no damage. The gnoll hits you with a +0 whip.
* * * LOW HITPOINT WARNING * * *
You feel less confused. Something hits you!
You die...

##...)#..# +.....#..#
#........#
#####+####...#.#.###
..........#(..#.....#####
#..........#...###.......#
#..........##.{...###.##.##
#.........)##.g...........#
#........).''g@....##..#####
#..........##.....##.......#
#..........##.#^...##..#...#
#..........##.#.....#....#.#
###....###......#.........#
###..........###.#.####.#
#..........+..)#.# .#
#..........#####.# #
#....###...### #.#


You could see 2 gnolls.

Vanquished Creatures
  2 gnolls (D:2)
  2 bats
  3 endoplasms
  2 giant cockroaches (D:1)
  A goblin (D:1)
  5 hobgoblins (D:1)
  A quokka (D:1)
  4 ball pythons
  A frilled lizard (D:1)
  4 kobolds
  4 rats
29 creatures vanquished.

Notes
Turn   | Place    | Note
-------+----------+-------------------------------------------
     0 | D:1      | Grim the Deep Elf Hexslinger began the quest for the Orb.
     0 | D:1      | Reached XP level 1. HP: 11/11 MP: 5/5
   221 | D:1      | Reached XP level 2. HP: 16/16 MP: 6/6
   944 | D:2      | Reached XP level 3. HP: 20/20 MP: 5/7
  1030 | D:2      | Noticed Sigmund
  1048 | D:2      | Reached skill level 1 in Short Blades
  1048 | D:2      | Reached skill level 5 in Hexes
  1059 | D:2      | Slain by Sigmund

Illustrated notes

Levels and vault maps discovered:
D:1:      psy_arrival_radial01, layout_basic, minmay_box_of_dots
D:2:      cheibrodos_helix_gallery, layout_basic, basic_altar, uniq_sigmund

Skill      XL: |  1  2  3 |
---------------+----------+-----
Ranged Weapons | 3 4 |  4.0
Short Blades   | 1 |  1.0
Hexes          | 5 |  5.0
Fighting       | |  0.7
Dodging        | |  2.4
Spellcasting   | |  1.5

Action                     || total
---------------------------++-------
   Fire: Sling             ||    89
   Cast: Slow              ||     5
 Armour: Robe              ||     4
  Dodge: Dodged            ||    28

Table legend: (Time is in decaauts)
 A = Elapsed time spent in this place.
 B = Non-inter-level travel time spent in this place.
 C = Inter-level travel time spent in this place.
 D = Time resting spent in this place.
 E = Time spent auto-exploring this place.
 F = Levels seen in this place.
 G = Mean time per level.
                   A        B        C        D        E       F      G
               +--------+--------+--------+--------+--------+-----+--------+
         Total |   1078 |   1056 |     22 |     20 |    843 |   2 |  539.0 |
       Dungeon |   1078 |   1056 |     22 |     20 |    843 |   2 |  539.0 |
               +--------+--------+--------+--------+--------+-----+--------+

Top non-repeatable levels by time:
     D:1: 920 daAuts
     D:2: 157 daAuts
